 Dungeon Crawl Stone Soup version 0.18.1-48-g4cf74bf (webtiles) character file.

177322 hannobal the Eclecticist (level 18, -11/120 HPs)
             Began as an Octopode Ice Elementalist on June 28, 2016.
             Was a High Priest of Vehumet.
             Mangled by a fire elemental (13 damage)
             ... summoned by a deep elf mage
             ... on level 1 of the Elven Halls on July 2, 2016.
             The game lasted 04:42:29 (65552 turns).

hannobal the Eclecticist (OpIE)                    Turns: 65552, Time: 04:42:29

Health: -11/120    AC:  2    Str: 11    XL:     18   Next: 16%
Magic:  2/39       EV: 24    Int: 30    God:    Vehumet [*****.]
Gold:   154        SH:  5    Dex: 14    Spells: 10 memorised, 10 levels left

rFire  . . .     SeeInvis +     w - +8 blowgun of Ravage {evade, rC+ rN++}
rCold  + + .     Gourm    .     s - +0 buckler
rNeg   + + +     Faith    .     (helmet restricted)
rPois  .         Spirit   .     R - amulet of Tifforphuon {rElec rN+ Regen+ Str+3 Int+4}
rElec  +         Dismiss  .     J - ring of see invisible
rCorr  .         Reflect  .     E - ring of wizardry
SustAt .         Harm     .     B - ring of stealth
MR     +....                    M - +1 ring of slaying
Stlth  ++........               n - ring of wizardry
                                X - ring of protection from cold
                                t - ring of positive energy
                                A - +3 ring of intelligence

@: liquid flames, very slightly contaminated, hasted and slowed, glowing,
somewhat resistant to hostile enchantments, unstealthy
A: almost no armour, amphibious, 8 rings, constrict 8, rugged brown scales 1,
camouflage 1, gelatinous body 1
a: Renounce Religion


You were on level 1 of the Elven Halls.
You worshipped Vehumet.
Vehumet was extremely pleased with you.
You were completely stuffed.

You visited 8 branches of the dungeon, and saw 33 of its levels.
You visited the Abyss 2 times.
You visited 1 bazaar.
You also visited: Ice Cave.

You collected 3075 gold pieces.
You spent 2921 gold pieces at shops.

Inventory:

Hand Weapons
 a - the +3 short sword "Tixeuwki" {freeze, rElec rPois Int+2}
   (You bought it in a shop on level 2 of the Orcish Mines)

   It has been specially enchanted to freeze those struck by it, causing extra
   injury to most foes and up to half again as much damage against particularly
   susceptible opponents.
   It can also slow down cold-blooded creatures.
   It affects your intelligence (+2).
   It insulates you from electricity.
   It protects you from poison.
 b - a +0 demon trident of freezing
 l - the +11 whip of Forgiveness {drain, *Rage +Inv rN+ SInv}
   (You found it on level 6 of the Lair of Beasts)

   A truly terrible weapon, it drains the life of those it strikes.
   It protects you from negative energy.
   It lets you see invisible.
   It lets you turn invisible.
   It may make you go berserk in combat.
 w - the +8 blowgun of Ravage (weapon) {evade, rC+ rN++}
   (You bought it in a shop on level 2 of the Orcish Mines)

   It affects your evasion (+5 to EV).
   It protects you from cold.
   It greatly protects you from negative energy.
Missiles
 j - 12 javelins of returning (quivered)
Armour
 s - a +0 buckler (worn)
Jewellery
 d - an uncursed ring of teleportation
 n - a ring of wizardry (on tentacle)
 o - an uncursed ring of sustain attributes
 q - an uncursed ring of flight
 t - a ring of positive energy (on tentacle)
 v - an uncursed ring of fire
 A - a +3 ring of intelligence (on tentacle)
 B - a ring of stealth (on tentacle)
 E - a ring of wizardry (right tentacle)
 G - an uncursed amulet of the gourmand
 J - a ring of see invisible (left tentacle)
 K - an uncursed ring of resist corrosion
 M - a +1 ring of slaying (on tentacle)
 R - the amulet of Tifforphuon (around mantle) {rElec rN+ Regen+ Str+3 Int+4}
   (You bought it in a shop on level 2 of the Shoals)

   [amulet of regeneration]

   It affects your strength (+3).
   It affects your intelligence (+4).
   It insulates you from electricity.
   It protects you from negative energy.
   It increases your rate of regeneration.
 X - a ring of protection from cold (on tentacle)
Wands
 h - a wand of teleportation (4/9)
 O - a wand of digging (17/24)
 Q - a wand of disintegration (4/24)
Scrolls
 e - 4 scrolls of recharging
 i - 7 scrolls of identify
 p - a scroll of enchant armour
 r - 8 scrolls of remove curse
 C - a scroll of silence
 L - 2 scrolls of summoning
 P - 2 scrolls of magic mapping
 U - a scroll of fog
 Z - a scroll of holy word
Potions
 c - a potion of invisibility
 m - 8 potions of curing
 x - 6 potions of brilliance
 D - 4 potions of agility
 N - 3 potions of haste
 T - 3 potions of cancellation
 V - 4 potions of might
 Y - a potion of magic
Miscellaneous
 f - a phial of floods
 H - a fan of gales
Comestibles
 g - 18 meat rations
 k - 6 bread rations
 u - a beef jerky
 z - 3 chunks of flesh
 W - 9 fruits


   Skills:
 - Level 8.8 Fighting
 - Level 5.0 Short Blades
 + Level 9.6 Polearms
 - Level 11.0 Dodging
 - Level 5.0 Stealth
 - Level 4.4 Shields
 - Level 17.0 Spellcasting
 - Level 10.0 Conjurations
 - Level 3.0 Charms
 - Level 5.3 Summonings
 - Level 1.0 Translocations
 - Level 5.1 Fire Magic
 - Level 14.6 Ice Magic
 - Level 5.0 Air Magic
 - Level 5.0 Earth Magic
   Level 1.2 Poison Magic
 - Level 2.1 Evocations


You had 10 spell levels left.
You knew the following spells:

 Your Spells              Type           Power        Failure   Level  Hunger
b - Summon Ice Beast      Ice/Summ       ######..     1%          4    None
c - Conjure Flame         Conj/Fire      ######..     1%          3    None
f - Sticky Flame          Conj/Fire      ######..     1%          4    None
g - Blink                 Tloc           N/A          1%          2    None
i - Iron Shot             Conj/Erth      ######....   1%          6    ##.....
k - Bolt of Cold          Conj/Ice       #######...   1%          6    ##.....
l - Lee's Rapid Deconstr  Erth           ######....   1%          5    None
o - Ozocubu's Armour      Chrm/Ice       ######..     1%          3    None
p - Freezing Cloud        Conj/Ice/Air   ######....   1%          6    ##.....
r - Repel Missiles        Chrm/Air       #####.       1%          2    None


Dungeon Overview and Level Annotations

Branches:
Dungeon (15/15)            Temple (1/1) D:7            Lair (8/8) D:11
 Shoals (4/4) Lair:5       Spider (1/4) Lair:6        Slime (0/6) Lair:6
    Orc (2/2) D:9             Elf (1/3) Orc:2        Vaults (0/5) D:13
 Depths (1/5) D:15

Altars:
Ashenzari
Cheibriados
Dithmenos
Elyvilon
Fedhas
Gozag
Kikubaaqudgha
Makhleb
Nemelex Xobeh
Okawaru
Pakellas
Qazlal
Ru
Sif Muna
Trog
Vehumet
Xom
Yredelemnul
Zin
The Shining One
Beogh
Jiyva

Shops:
D:5 :   D:15 *   Orc:2 !}((:   Shoals:2 =

Portals:
Hell: Lair:8

Annotations:
Shoals:4 Louise
Orc:2 exclusion: upstairs


Innate Abilities, Weirdness & Mutations

You cannot wear most types of armour.
You are amphibious.
You can wear up to eight rings at the same time.
You can use your tentacles to constrict eight enemies at once.
Your skin changes colour to match your surroundings (Stealth).
Your rubbery body absorbs attacks (AC +1).
You are partially covered in rugged brown scales (AC +1, +3% HP).


Message History

You are covered in liquid flames!
* * * LOW HITPOINT WARNING * * *
The hand axe of chopping is engulfed in freezing vapours.
The hand axe of chopping hits you but does no damage.
The deep elf archer shoots an arrow.
The arrow is repelled.
You feel less protected from missiles.
The arrow hits the deep elf mage!!
The heat melts your icy armour.
Unknown command.
Drink which item? (? for menu, Esc to quit)
Okay, then.
You are covered in liquid flames!
* * * LOW HITPOINT WARNING * * *
The fire elemental hits you. The fire elemental burns you!
* * * LOW HITPOINT WARNING * * *
The hand axe of chopping is engulfed in freezing vapours.
The hand axe of chopping hits you but does no damage.
The fire elemental hits you. The fire elemental burns you!
Your icy armour melts away.
You die...

.......##
##.....()..
##....((.§..
#.((........
#..(>...§...
#).§§§..e...
#((§§§......
#..(§§....#
#(eE@e...##
##(§E#...###.
#...§........
##.§.........
####)###........
#######.###.........
...................
#######.###.......#
#.# #.... ..#


You could see a deep elf archer, 2 deep elf magi, 2 fire elementals and a hand
axe of chopping.

Vanquished Creatures
  Polyphemus (Shoals:2)
  Ilsuiw (Shoals:4)
  A deep elf sorcerer (Elf:1)
  The ghost of Krapule the Blocker, a journeyman FoFi of Cheibriados (Lair:8)
  A dire elephant (Lair:8)
  4 merfolk javelineers
  A deep elf death mage (Elf:1)
  8 merfolk impalers
  5 vault guards (D:13)
  10 hydras
  A merfolk avatar (Shoals:4)
  3 catoblepae
  An alligator snapping turtle (Shoals:4)
  3 merfolk aquamancers (Shoals:4)
  3 satyrs
  An orc high priest (Elf:1)
  A tengu warrior (D:13)
  7 death yaks
  A sun demon (Lair:8)
  A deep elf knight (Elf:1)
  Nergalle (D:10)
  2 skeletal warriors (D:15)
  21 sea snakes
  An unseen horror (D:14)
  A deep elf archer (D:13)
  4 wizards
  14 deep elf magi
  A phantasmal warrior (D:15)
  A necromancer (D:15)
  9 harpies
  5 hill giants
  5 orc knights
  2 wolf spiders (Spider:1)
  2 cyclopes
  12 manticores
  A hornet (Lair:6)
  9 fauns
  8 griffons
  4 elephants (Lair:8)
  A sixfirhy (Lair:8)
  Joseph (D:8)
  2 spriggan zombies (D:15)
  6 black mambas
  An ice statue (Lair:2)
  4 sirens
  A gargoyle (D:13)
  6 water nymphs
  An orange demon (Lair:8)
  A torpor snail (Lair:7)
  A guardian serpent (Abyss:1)
  18 spiny frogs
  A yaktaur (D:13)
  A kobold demonologist (D:13)
  2 rime drakes (Lair:8)
  An efreet (D:12)
  3 tengu conjurers
  7 komodo dragons
  6 ice devils (Lair:8)
  A freezing wraith (D:14)
  A hellwing (Lair:8)
  2 red devils (Lair:8)
  35 merfolk
  4 jumping spiders
  Prince Ribbit (D:7)
  8 polar bears
  5 trolls
  5 blink frogs
  2 wind drakes (Shoals:3)
  2 two-headed ogres
  A raiju (Abyss:2)
  8 slime creatures
  2 boulder beetles
  A fire dragon zombie (D:15)
  3 snapping turtles
  2 redbacks (Lair:6)
  A tarantella (Lair:6)
  Sigmund (D:4)
  A wraith (D:12)
  18 water elementals
  4 wyverns
  A basilisk (Lair:8)
  A fire elemental (Elf:1)
  A vampire (D:14)
  A spriggan (D:7)
  32 yaks
  3 vampire mosquitoes (D:15)
  7 hippogriffs
  3 wargs
  A hungry ghost (D:15)
  2 mottled dragons
  A soldier ant (shapeshifter) (Abyss:2)
  A hell hound (Lair:8)
  15 water moccasins
  16 orc warriors
  18 porcupines
  2 sky beasts
  4 wasps
  6 phantoms
  Purgy (D:4)
  An eye of draining (Abyss:1)
  7 ice beasts
  21 wolves
  6 ogres
  A boggart (Elf:1)
  7 centaurs
  20 crocodiles
  2 big kobolds
  A yaktaur zombie (D:15)
  17 giant frogs
  A wyvern zombie (D:7)
  An earth elemental (Elf:1)
  5 scorpions
  4 killer bees (D:8)
  4 wights
  An electric eel (Lair:7)
  2 howler monkeys (D:7)
  3 giant frog zombies
  3 quasits
  6 centaur zombies
  3 crimson imps
  12 hounds
  A small abomination (Abyss:2)
  10 orc priests
  7 jellies
  4 centaur skeletons
  3 giant frog skeletons
  9 iguanas
  20 orc wizards
  13 worker ants
  22 sheep
  3 hound skeletons
  2 gnolls
  7 adders
  36 river rats
  4 shadow imps
  An ooze (D:1)
  An adder zombie (D:6)
  2 worms
  3 dart slugs
  12 giant geckos
  60 orcs
  6 giant cockroaches
  19 goblins
  5 hobgoblins
  7 jackals
  15 kobolds
  4 quokkas
  A ball python (D:2)
  11 bats
  7 giant newts
  8 rats
  3 bushes (Lair:8)
  4 fungi
  42 plants
  A tentacle segment (Shoals:1)
  4 withered plants (D:15)
931 creatures vanquished.

Vanquished Creatures (collateral kills)
  2 merfolk impalers (Shoals:4)
  A merfolk javelineer (Shoals:4)
  The ghost of TBriggs11TB the Protected, a journeyman MiFi of Makhleb (D:13)
  An ogre mage (Orc:2)
  3 orc high priests (Orc:2)
  A deep elf archer (Elf:1)
  3 hill giants
  An orc knight (Orc:2)
  A harpy (Shoals:1)
  4 orc sorcerers (Orc:2)
  A deep elf mage (D:12)
  3 ugly things
  4 black mambas
  An elephant (Lair:8)
  A centaur zombie (D:13)
  Psyche (D:10)
  2 centaur skeletons
  The ghost of Turgon the Insei, a novice DsGl (D:7)
  3 rime drakes
  5 komodo dragons
  A jumping spider (Lair:6)
  6 polar bears
  5 trolls
  A merfolk (Shoals:4)
  A two-headed ogre (Orc:2)
  4 blink frogs
  A raiju (Abyss:2)
  A wind drake (Shoals:4)
  7 slime creatures
  A water elemental (D:13)
  A wyvern (D:13)
  A steam dragon (D:12)
  23 yaks
  3 hippogriffs
  A hungry ghost (D:13)
  Eustachio (D:6)
  5 vampire mosquitoes
  4 wargs
  3 porcupines (Lair:7)
  2 ice beasts (D:13)
  14 orc warriors
  A sky beast (D:6)
  10 ogres
  12 wolves
  2 centaurs (D:10)
  A crocodile (Lair:1)
  A big kobold (D:7)
  A gnoll sergeant (D:10)
  3 giant frogs
  A wyvern zombie (D:13)
  3 killer bees (D:8)
  5 wights
  A howler monkey (D:7)
  An electric eel (Lair:2)
  2 hounds (Lair:1)
  A quasit (D:7)
  9 orc priests
  Crazy Yiuf (D:7)
  An iguana (D:6)
  8 orc wizards
  2 worker ants
  10 sheep
  Robin (D:4)
  7 gnolls
  An adder (D:7)
  11 river rats
  An adder skeleton (D:6)
  41 orcs
  5 goblins (D:4)
  A hobgoblin (D:4)
  A quokka (D:6)
  A giant newt (D:6)
  5 kobolds
  A fungus (Lair:1)
  2 plants
280 creatures vanquished.

Vanquished Creatures (others)
  7 polar bears (IceCv)
  A wolf (IceCv)
  An orc (D:13)
  47 fungi
  64 plants
  5 tentacles (Shoals:1)
  172 tentacle segments (Shoals:1)
297 creatures vanquished.

Grand Total: 1508 creatures vanquished

Notes
Turn   | Place    | Note
--------------------------------------------------------------
     0 | D:1      | hannobal the Octopode Ice Elementalist began the quest for the Orb.
     0 | D:1      | Reached XP level 1. HP: 11/11 MP: 3/3
   311 | D:1      | Reached XP level 2. HP: 13/17 MP: 1/5
   315 | D:1      | Learned a level 2 spell: Throw Frost
  1045 | D:1      | Reached XP level 3. HP: 19/21 MP: 2/6
  2004 | D:1      | Learned a level 3 spell: Ozocubu's Armour
  2282 | D:2      | Reached XP level 4. HP: 22/27 MP: 0/7
  2719 | D:2      | Reached skill level 1 in Charms
  3367 | D:3      | Reached skill level 5 in Ice Magic
  3372 | D:3      | Reached XP level 5. HP: 27/31 MP: 0/8
  4114 | D:3      | Reached skill level 3 in Spellcasting
  4126 | D:3      | Learned a level 4 spell: Summon Ice Beast
  4509 | D:3      | Reached XP level 6. HP: 28/36 MP: 2/11
  4934 | D:4      | Noticed a phantom
  4943 | D:3      | Reached skill level 4 in Spellcasting
  5032 | D:4      | Noticed Purgy
  5041 | D:4      | Killed Purgy
  5197 | D:4      | Noticed a phantom
  5205 | D:4      | Killed a phantom
  5205 | D:4      | Reached XP level 7. HP: 41/41 MP: 10/13
  5242 | D:4      | Reached skill level 1 in Summonings
  5462 | D:4      | Found an oddly glowing altar of Pakellas.
  5870 | D:4      | Noticed Robin
  5886 | D:4      | Killed Robin
  6263 | D:4      | Reached XP level 8. HP: 46/46 MP: 10/14
  6430 | D:4      | Noticed Sigmund
  6439 | D:4      | Killed Sigmund
  6439 | D:4      | Reached skill level 5 in Summonings
  6980 | D:5      | Entered Level 5 of the Dungeon
  6980 | D:5      | Found Tuijuac's Book Boutique.
  7583 | D:5      | Learned a level 4 spell: Throw Icicle
  8291 | D:5      | Bought a book of Minor Magic for 240 gold pieces
  8294 | D:5      | Learned a level 2 spell: Repel Missiles
  8470 | D:6      | Found a shadowy altar of Dithmenos.
  8486 | D:6      | Noticed Eustachio
  8589 | D:6      | Reached skill level 1 in Air Magic
  8695 | D:6      | Found a burning altar of Makhleb.
  8970 | D:6      | Found an iron altar of Okawaru.
  9333 | D:6      | Found a glowing golden altar of the Shining One.
  9387 | D:6      | Reached skill level 5 in Spellcasting
  9928 | D:6      | Got a transparent short sword
  9929 | D:6      | Identified the +11 short sword of Kux Lei {freeze, Fragile Dex+6} (You found it on level 6 of the Dungeon)
  9941 | D:6      | Reached XP level 9. HP: 49/54 MP: 11/16
 10224 | D:6      | Reached skill level 1 in Short Blades
 10327 | D:6      | Found a blossoming altar of Fedhas.
 10460 | D:6      | Killed Eustachio
 10655 | D:7      | Noticed Prince Ribbit
 10670 | D:7      | Killed Prince Ribbit
 10836 | D:7      | Noticed Turgon's ghost (novice DsGl)
 11632 | D:7      | Reached skill level 5 in Short Blades
 11985 | D:7      | Killed Turgon's ghost
 12243 | D:7      | Found a staircase to the Ecumenical Temple.
 12251 | Temple   | Entered the Ecumenical Temple
 12357 | Temple   | Became a worshipper of Vehumet
 12548 | D:7      | Noticed Crazy Yiuf
 12556 | D:7      | Killed Crazy Yiuf
 13213 | D:8      | Reached skill level 5 in Conjurations
 13259 | D:7      | Reached XP level 10. HP: 34/63 MP: 6/17
 13535 | D:8      | Reached * piety under Vehumet
 13535 | D:8      | Offered knowledge of Sting by Vehumet.
 13635 | D:7      | Reached skill level 1 in Shields
 13761 | D:8      | Noticed Joseph
 13772 | D:8      | Killed Joseph
 13848 | D:8      | Noticed a cyan ugly thing
 13862 | D:8      | Killed a cyan ugly thing
 14764 | D:9      | Reached skill level 6 in Spellcasting
 14774 | D:9      | Reached ** piety under Vehumet
 14778 | D:9      | Offered knowledge of Flame Tongue by Vehumet.
 15118 | D:9      | Found a staircase to the Orcish Mines.
 15153 | D:9      | Found a shimmering altar of Xom.
 15346 | D:9      | Noticed a deep elf mage
 15354 | D:9      | Killed a deep elf mage
 15354 | D:9      | Reached skill level 7 in Spellcasting
 15525 | D:10     | Entered Level 10 of the Dungeon
 15525 | D:10     | Noticed Psyche
 15526 | D:10     | Cast into level 1 of the Abyss (Psyche)
 15538 | Abyss:1  | Noticed a guardian serpent
 15541 | Abyss:1  | Killed a guardian serpent
 15557 | D:10     | Escaped the Abyss
 15827 | D:10     | Reached skill level 8 in Spellcasting
 16056 | D:10     | Noticed Nergalle
 16308 | D:10     | Killed Psyche
 16312 | D:10     | Reached XP level 11. HP: 61/67 MP: 7/23
 16498 | D:10     | Offered knowledge of Ignite Poison by Vehumet.
 16859 | D:11     | Noticed a hill giant
 16862 | D:11     | Killed a hill giant
 16862 | D:11     | Reached skill level 9 in Spellcasting
 16863 | D:11     | Reached *** piety under Vehumet
 17014 | D:11     | Noticed a hill giant
 17044 | D:11     | Killed a hill giant
 17226 | D:11     | Found a staircase to the Lair.
 17412 | D:11     | Noticed a green ugly thing
 17443 | D:11     | Killed a green ugly thing
 17584 | D:11     | Offered knowledge of Airstrike by Vehumet.
 18315 | Lair:1   | Entered Level 1 of the Lair of Beasts
 18595 | D:11     | Reached skill level 10 in Spellcasting
 18864 | Lair:1   | Reached **** piety under Vehumet
 18894 | Lair:1   | Reached skill level 5 in Fighting
 18901 | Lair:1   | Offered knowledge of Dazzling Spray by Vehumet.
 19329 | Lair:1   | Reached skill level 5 in Dodging
 20107 | Lair:2   | Reached skill level 5 in Stealth
 20506 | Lair:2   | Reached skill level 1 in Evocations
 20570 | Lair:2   | Learned a level 2 spell: Blink
 20574 | Lair:2   | Learned a level 3 spell: Mephitic Cloud
 21775 | Lair:2   | Got a warped dagger
 21780 | Lair:2   | Identified the +6 dagger of Forgiveness {pierce, MR- MP+9 Int+6 Dex+4} (You found it on level 2 of the Lair of Beasts)
 21905 | Lair:3   | Reached skill level 1 in Translocations
 21905 | Lair:3   | Reached XP level 12. HP: 77/77 MP: 23/26
 21908 | Lair:3   | Reached skill level 1 in Poison Magic
 22074 | Lair:3   | Reached ***** piety under Vehumet
 22081 | Lair:3   | Offered knowledge of Ozocubu's Refrigeration by Vehumet.
 23354 | Lair:3   | Reached skill level 10 in Ice Magic
 23528 | Lair:3   | Reached skill level 11 in Spellcasting
 24111 | Lair:3   | Reached skill level 13 in Spellcasting
 24111 | Lair:3   | Reached XP level 13. HP: 81/81 MP: 30/30
 24467 | Orc:1    | Entered Level 1 of the Orcish Mines
 24700 | Orc:2    | Entered Level 2 of the Orcish Mines
 24746 | Orc:2    | Offered knowledge of Lee's Rapid Deconstruction by Vehumet.
 24768 | Orc:2    | Learned a level 5 spell: Lee's Rapid Deconstruction
 24809 | Orc:2    | Reached skill level 1 in Earth Magic
 24937 | Orc:2    | Found a staircase to the Elven Halls.
 25387 | Orc:2    | Found a roughly hewn altar of Beogh.
 25395 | Orc:2    | Found Soyxag's Distillery.
 26192 | Orc:2    | HP: 4/81 [orc warrior/dire flail of crushing[an orc knight] (10)]
 26194 | Orc:2    | HP: 1/81 [ufetubus[an orc high priest] (2)]
 26978 | Orc:2    | Reached skill level 5 in Earth Magic
 27012 | Orc:2    | HP: 4/81 [orc high priest/divine providence (15)]
 27461 | Orc:2    | Found Hetzuly's Gadget Boutique.
 27461 | Orc:2    | Found Yfahoceu's Book Emporium.
 27463 | Orc:2    | Found Xust's Antique Weapon Emporium.
 27463 | Orc:2    | Found Fyfoklad's Weapon Boutique.
 27527 | Orc:2    | Bought a potion of haste for 140 gold pieces
 27527 | Orc:2    | Bought 2 potions of curing for 84 gold pieces
 27527 | Orc:2    | Bought a potion of curing for 42 gold pieces
 27527 | Orc:2    | Bought a potion of curing for 42 gold pieces
 28041 | Orc:1    | Found a roughly hewn altar of Beogh.
 28670 | D:10     | Killed Nergalle
 28670 | D:10     | Reached skill level 14 in Spellcasting
 29245 | D:12     | Offered knowledge of Bolt of Cold by Vehumet.
 29253 | D:12     | Learned a level 6 spell: Bolt of Cold
 29498 | D:12     | Reached XP level 14. HP: 88/88 MP: 31/32
 30716 | D:12     | Reached skill level 15 in Spellcasting
 30830 | D:13     | Found a frozen archway.
 30894 | IceCv    | Entered an ice cave
 31446 | IceCv    | Reached ****** piety under Vehumet
 32579 | IceCv    | Gained mutation: You are partially covered in rugged brown scales (AC +1, +3% HP). [potion of beneficial mutation]
 32812 | IceCv    | Noticed a frost giant
 34982 | D:13     | Noticed TBriggs11TB's ghost (journeyman MiFi)
 35025 | D:13     | Killed TBriggs11TB's ghost
 35040 | D:13     | Offered knowledge of Freezing Cloud by Vehumet.
 35057 | D:13     | Learned a level 6 spell: Freezing Cloud
 35794 | D:13     | Found a gate to the Vaults.
 36175 | D:14     | Reached skill level 16 in Spellcasting
 37124 | D:14     | Reached XP level 15. HP: 82/94 MP: 24/35
 37805 | D:15     | Entered Level 15 of the Dungeon
 38266 | Orc:2    | Bought an iridescent blowgun for 202 gold pieces
 38266 | Orc:2    | Bought a jewelled short sword for 216 gold pieces
 38266 | Orc:2    | Bought a runed scimitar for 108 gold pieces
 38267 | Orc:2    | Identified the +8 blowgun of Ravage {evade, rC+ rN++} (You bought it in a shop on level 2 of the Orcish Mines)
 38269 | Orc:2    | Identified the +3 short sword "Tixeuwki" {freeze, rElec rPois Int+2} (You bought it in a shop on level 2 of the Orcish Mines)
 39501 | Lair:5   | Found a staircase to the Shoals.
 40155 | Lair:5   | Offered knowledge of Iron Shot by Vehumet.
 40163 | Lair:5   | Learned a level 6 spell: Iron Shot
 40510 | Lair:5   | Reached skill level 17 in Spellcasting
 40851 | Lair:6   | Found a staircase to the Slime Pits.
 40851 | Lair:6   | Found a viscous altar of Jiyva.
 40928 | Lair:6   | Got a bloodstained whip
 40929 | Lair:6   | Identified the +11 whip of Forgiveness {drain, *Rage +Inv rN+ SInv} (You found it on level 6 of the Lair of Beasts)
 41410 | Lair:6   | Found a hole to the Spider Nest.
 42979 | Lair:7   | Got an iridescent flail
 42980 | Lair:7   | Identified the cursed +0 flail "Spiderbane" {crush, rElec rN+ Dex+2} (You found it on level 7 of the Lair of Beasts)
 43102 | Lair:7   | Offered knowledge of Bolt of Fire by Vehumet.
 43772 | Lair:7   | Learned a level 4 spell: Sticky Flame
 43841 | Lair:7   | Reached skill level 1 in Fire Magic
 44509 | Lair:7   | Learned a level 3 spell: Conjure Flame
 44511 | Lair:8   | Entered Level 8 of the Lair of Beasts
 45748 | Lair:8   | Reached skill level 10 in Conjurations
 46004 | Lair:8   | Offered knowledge of Delayed Fireball by Vehumet.
 46466 | Lair:8   | Noticed Krapule's ghost (journeyman FoFi)
 46485 | Lair:8   | Killed Krapule's ghost
 46485 | Lair:8   | Reached XP level 16. HP: 99/100 MP: 16/37
 47195 | Lair:8   | Found a burning altar of Makhleb.
 47697 | Lair:8   | Found a gateway to Hell.
 48223 | Orc:2    | Bought a potion of haste for 140 gold pieces
 48223 | Orc:2    | Bought 2 potions of haste for 280 gold pieces
 48223 | Orc:2    | Bought a potion of cure mutation for 350 gold pieces
 48462 | D:15     | Found Xeawnebb's General Store.
 48921 | D:15     | Found a staircase to the Depths.
 49840 | Depths:1 | Entered Level 1 of the Depths
 50243 | Elf:1    | Entered Level 1 of the Elven Halls
 50401 | Elf:1    | Cast into level 2 of the Abyss (a deep elf sorcerer)
 50621 | Elf:1    | Escaped the Abyss
 51214 | Spider:1 | Entered Level 1 of the Spider Nest
 51861 | Spider:1 | Offered knowledge of Lehudib's Crystal Spear by Vehumet.
 51861 | Spider:1 | Offered knowledge of Fire Storm by Vehumet.
 51861 | Spider:1 | Offered knowledge of Shatter by Vehumet.
 52379 | Shoals:1 | Entered Level 1 of the Shoals
 53971 | Shoals:1 | Noticed a kraken
 54863 | Shoals:2 | Found Luovviu's Jewellery Emporium.
 54886 | Shoals:2 | Bought the amulet of Tifforphuon {rElec rN+ Regen+ Str+3 Int+4} for 817 gold pieces
 55362 | Shoals:2 | Bought an uncursed ring of resist corrosion for 260 gold pieces
 55538 | Shoals:2 | Noticed Polyphemus
 55548 | Shoals:2 | Killed Polyphemus
 55557 | Shoals:2 | Reached XP level 17. HP: 97/112 MP: 1/38
 55559 | Shoals:2 | Reached skill level 10 in Dodging
 57373 | Shoals:3 | Reached skill level 5 in Air Magic
 57967 | Shoals:3 | Reached skill level 5 in Fire Magic
 59950 | Shoals:4 | Entered Level 4 of the Shoals
 59960 | Shoals:4 | Found a flickering gateway to a bazaar.
 59969 | Shoals:4 | Noticed Louise
 59972 | Bazaar   | Entered a bazaar
 60035 | Bazaar   | Found Ziobbaydak's Food Boutique.
 60053 | Bazaar   | Found Iqigen's Armour Emporium.
 60070 | Bazaar   | Found Mos Unk's Book Boutique.
 60087 | Bazaar   | Found Leusex's Antique Armour Shoppe.
 60457 | Shoals:4 | Identified a scroll of acquirement
 60676 | Shoals:4 | Reached skill level 1 in Polearms
 61068 | Shoals:4 | Noticed a kraken
 61485 | Shoals:4 | Reached skill level 5 in Polearms
 62446 | Shoals:4 | Noticed Ilsuiw
 62651 | Shoals:4 | Killed Ilsuiw
 62991 | Shoals:4 | Reached XP level 18. HP: 82/120 MP: 6/39
 63006 | Shoals:4 | HP: 2/120 [merfolk javelineer/javelin (19)]
 65552 | Elf:1    | HP: 2/120 [fire elemental[a deep elf mage] (7)]
 65552 | Elf:1    | Mangled by a fire elemental

Skill      XL: |  1  2  3  4  5  6  7  8  9 10 11 12 13 14 15 16 17 18 |
---------------+-------------------------------------------------------+-----
Stealth        | 3 5 |  5.0
Ice Magic      | 4 5 6 7 10 13 14 | 14.6
Charms         | 1 2 3 |  3.0
Spellcasting   | 3 4 5 8 10 13 14 16 17 | 17.0
Summonings     | 4 5 |  5.3
Fighting       | 2 3 5 8 |  8.8
Air Magic      | 1 2 3 5 |  5.0
Conjurations   | 2 5 10 | 10.0
Short Blades   | 5 |  5.0
Dodging        | 3 4 5 9 11 | 11.0
Shields        | 4 |  4.4
Evocations     | 1 2 |  2.1
Translocations | 1 |  1.0
Poison Magic   | 1 |  1.2
Earth Magic    | 5 |  5.0
Fire Magic     | 3 5 |  5.1
Polearms       | 8 9 |  9.6

Action                   |  1- 3 |  4- 6 |  7- 9 | 10-12 | 13-15 | 16-18 || total
-------------------------+-------+-------+-------+-------+-------+-------++-------
Melee: Whip              |     4 |       |       |       |       |       ||     4
       Constrict         |     2 |     9 |    10 |    53 |    60 |    43 ||   177
       Tentacles         |     1 |     7 |    14 |    61 |   111 |    42 ||   236
       Dagger            |       |    31 |    32 |    56 |   140 |       ||   259
       Short sword       |       |       |    42 |   273 |   355 |   252 ||   922
       Staff             |       |       |       |       |     1 |       ||     1
       Trident           |       |       |       |       |       |    14 ||    14
       Demon trident     |       |       |       |       |       |    18 ||    18
 Fire: Hunting sling     |       |     3 |    18 |       |       |       ||    21
Throw: Stone             |     7 |    15 |     8 |       |     7 |       ||    37
       Tomahawk          |       |       |       |       |    19 |    17 ||    36
       Javelin           |       |       |       |       |       |     8 ||     8
 Cast: Freeze            |    50 |    94 |   114 |    12 |       |       ||   270
       Ozocubu's Armour  |     2 |     8 |    40 |    63 |   156 |   119 ||   388
       Throw Frost       |     2 |       |     7 |       |       |       ||     9
       Summon Ice Beast  |       |       |    41 |   143 |   240 |    66 ||   490
       Throw Icicle      |       |       |    10 |    23 |   203 |       ||   236
       Repel Missiles    |       |       |     4 |     2 |     1 |     5 ||    12
       Blink             |       |       |       |     1 |    11 |     7 ||    19
       Mephitic Cloud    |       |       |       |     1 |     2 |       ||     3
       Lee's Rapid Decon |       |       |       |       |     5 |       ||     5
       Bolt of Cold      |       |       |       |       |    79 |   116 ||   195
       Freezing Cloud    |       |       |       |       |    89 |   216 ||   305
       Sticky Flame      |       |       |       |       |    12 |    35 ||    47
       Iron Shot         |       |       |       |       |     3 |    19 ||    22
       Conjure Flame     |       |       |       |       |       |     1 ||     1
Evoke: Wand              |       |       |       |    10 |    14 |     2 ||    26
       Fan of gales      |       |       |       |       |       |     1 ||     1
       Phial of floods   |       |       |       |       |       |     1 ||     1
  Use: Scroll            |     4 |     3 |     6 |     9 |    17 |    14 ||    53
       Potion            |     3 |     2 |     5 |     6 |     9 |     8 ||    33
 Stab: Sleeping          |       |     4 |     7 |    17 |    27 |     3 ||    58
       Distracted        |       |       |     1 |     3 |     4 |     2 ||    10
       Confused          |       |       |       |     1 |       |       ||     1
  Eat: Chunk             |     5 |     6 |    46 |    24 |    60 |    75 ||   216
       Bread ration      |       |     1 |       |       |     3 |     5 ||     9
       Fruit             |       |       |       |    10 |     6 |       ||    16
       Pizza             |       |       |       |     3 |     1 |     1 ||     5
       Beef jerky        |       |       |       |       |     7 |       ||     7
Armor: Skin              |     4 |    26 |    55 |    65 |   124 |    89 ||   363
Dodge: Dodged            |    18 |    62 |   109 |   227 |   317 |   351 ||  1084
       Deflected         |       |       |     5 |     9 |     6 |    24 ||    44
Block: Buckler           |       |       |       |   106 |   112 |   112 ||   330
